 Dungeon Crawl Stone Soup version 0.20-a0-229-ge6e0e65 (console) character file.

743257 Blackmore the Axe Maniac (level 27, -28/245 HPs)
             Began as a Minotaur Fighter on Nov 29, 2016.
             Was the Champion of Okawaru.
             Killed from afar by a storm dragon (30 damage)
             ... with a bolt of lightning
             ... on level 5 of the Realm of Zot on Dec 1, 2016.
             The game lasted 08:01:33 (81848 turns).

Blackmore the Axe Maniac (Minotaur Fighter)        Turns: 81848, Time: 08:01:33

Health: -28/245    AC: 49    Str: 39    XL:     27
Magic:  0/27       EV: 10    Int:  5    God:    Okawaru [******]
Gold:   4742       SH: 37    Dex:  7    Spells: 26/26 levels left

rFire  + . .     SeeInvis +     B - +11 war axe of Amorality {speed, Str+5}
rCold  + + .     Gourm    .     g - +6 gold dragon scales
rNeg   . . .     Faith    .     b - +3 large shield {AC+3}
rPois  +         Spirit   +     Y - +2 hat {Spirit}
rElec  .         Reflect  +     p - +2 cloak {+Inv}
rCorr  .         Harm     .     O - +2 pair of gloves {Str+3}
MR     +++..     Rnd*Tele +     U - +2 pair of boots {run}
Stlth  ..........               A - +5 amulet of reflection
                                j - ring "Nyumapn" {rC+ SInv}
                                q - ring of protection from magic

@: exhausted, slowed, very slow
A: retaliatory headbutt, horns 2, blurry vision 2, clumsy 2, frail 1, low mp 1,
screaming 1, teleportitis 1, weak 1, subdued magic 2, MP-powered wands
}: 4/15 runes: barnacled, slimy, silver, gossamer
a: Heroism, Finesse, Renounce Religion, Evoke Invisibility


You were on level 5 of the Realm of Zot.
You worshipped Okawaru.
Okawaru was exalted by your worship.
You were hungry.

You visited 13 branches of the dungeon, and saw 59 of its levels.
You visited the Abyss 2 times.
You visited 2 bazaars.
You also visited: Trove, Ossuary and Ice Cave.

You collected 8145 gold pieces.
You spent 3403 gold pieces at shops.

Inventory:

Hand Weapons
 y - the +11 hunting sling of Jotal {velocity, Str+4}
   (You found it on level 5 of the Vaults)

   Any stone fired from it inflicts extra damage.
   It affects your strength (+4).
 B - the +11 war axe of Amorality (weapon) {speed, Str+5}
   (Okawaru gifted it to you on level 4 of the Vaults)

   Attacks with this weapon are significantly faster.
   It affects your strength (+5).
 E - the +7 war axe of Skirmishing {holy, rF+}
   (You bought it in a shop on level 2 of the Orcish Mines)

   It has been blessed by the Shining One to cause great damage to the undead
   and demons.
   It protects you from fire.
 I - the +8 war axe "Cetenuec" {flame, rElec Int+9}
   (You bought it in a shop in a bazaar)

   It has been specially enchanted to burn those struck by it, causing extra
   injury to most foes and up to half again as much damage against particularly
   susceptible opponents.
   Big, fiery blades are also staple armaments of hydra-hunters.
   It affects your intelligence (+9).
   It insulates you from electricity.
 R - the +4 war axe of Triumph {freeze, Int+4}
   (You found it on level 8 of the Dungeon)

   It has been specially enchanted to freeze those struck by it, causing extra
   injury to most foes and up to half again as much damage against particularly
   susceptible opponents.
   It can also slow down cold-blooded creatures.
   It affects your intelligence (+4).
 T - the +4 war axe of Syte {venom, +Rage rC+ Int+4}
   (Okawaru gifted it to you on level 5 of the Lair of Beasts)

   It poisons the flesh of those it strikes.
   It affects your intelligence (+4).
   It protects you from cold.
   It lets you go berserk.
Missiles
 d - 23 poisoned javelins
 e - 20 steel javelins
 h - 21 silver javelins
 J - 28 javelins (quivered)
 N - 38 javelins of penetration
Armour
 a - the +0 plate armour "Soxukune" {rElec rC+ Regen+}
   (Okawaru gifted it to you on level 3 of the Depths)

   It protects you from cold.
   It insulates you from electricity.
   It increases your rate of regeneration.
 b - a +3 large shield of protection (worn)
 f - the +4 shield "Zoimisox" {rPois rF- rCorr Dex+6}
   (You took it off Asterion on level 3 of the Elven Halls)

   It affects your dexterity (+6).
   It makes you vulnerable to fire.
   It protects you from poison.
   It protects you from acid and corrosion.
 g - +6 gold dragon scales (worn)
 o - the +2 cloak "Cietsi" {rN+ Int+4}
   (Okawaru gifted it to you on level 4 of the Spider Nest)

   It affects your intelligence (+4).
   It protects you from negative energy.
 p - a +2 cloak of invisibility (worn)
 r - the +1 cloak of the Beekeeper {rElec Str+7}
   (You bought it in a shop in a bazaar)

   It affects your strength (+7).
   It insulates you from electricity.
 z - the +1 pair of boots of the Curious Dances {Str+6}
   (Okawaru gifted it to you on level 3 of the Depths)

   It affects your strength (+6).
 O - a +2 pair of gloves of strength (worn)
 S - a +2 large shield of positive energy
 U - a +2 pair of boots of running (worn)
 W - the +0 pair of gloves of Knowledge {rElec MR+ Str-5 Dex+5}
   (Okawaru gifted it to you on level 1 of the Lair of Beasts)

   It affects your strength (-5).
   It affects your dexterity (+5).
   It insulates you from electricity.
   It affects your resistance to hostile enchantments.
 Y - a +2 hat of spirit shield (worn)
Jewellery
 j - the ring "Nyumapn" (right hand) {rC+ SInv}
   (You took it off an ogre mage on level 4 of the Depths)

   [ring of see invisible]

   It protects you from cold.
   It lets you see invisible.
 q - a ring of protection from magic (left hand)
 t - the amulet "Naschucas" {+Rage rElec rPois Int-4}
   (You bought it in a shop in a bazaar)

   [amulet of rage]

   It affects your intelligence (-4).
   It insulates you from electricity.
   It protects you from poison.
   It lets you go berserk.
 x - an uncursed ring of resist corrosion
 A - a +5 amulet of reflection (around neck)
 C - an uncursed ring of protection from cold
 L - the ring of Birdsong {Dex+4 SInv}
   (You took it off a deep elf high priest on level 3 of the Elven Halls)

   [ring of see invisible]

   It affects your dexterity (+4).
   It lets you see invisible.
 Q - an uncursed amulet of rage
 V - an uncursed ring of positive energy
Wands
 F - a wand of digging (2/24)
 X - a wand of heal wounds (5/9)
Scrolls
 k - 3 scrolls of blinking
 l - 17 scrolls of identify
 m - 12 scrolls of teleportation
 n - 6 scrolls of fear
 M - 12 scrolls of magic mapping
Potions
 i - 3 potions of resistance
 v - 5 potions of invisibility
 w - 9 potions of curing
 K - 10 potions of heal wounds
 P - 2 potions of haste
 Z - 7 potions of might
Comestibles
 c - 4 slices of pizza
 u - 16 beef jerkies
 D - a meat ration
 G - 2 bread rations


   Skills:
 O Level 27 Fighting
 O Level 27 Axes
 + Level 19.4 Throwing
 * Level 25.7 Armour
 - Level 3.4 Dodging
 O Level 27 Shields
 + Level 3.4 Unarmed Combat
 + Level 2.0 Invocations
 - Level 11.0 Evocations


You had 26 spell levels left.
You didn't know any spells.

Dungeon Overview and Level Annotations

Branches:
Dungeon (15/15)            Temple (1/1) D:6            Lair (6/6) D:9
 Shoals (4/4) Lair:4       Spider (4/4) Lair:2        Slime (5/5) Lair:5
    Orc (2/2) D:9             Elf (3/3) Orc:2        Vaults (5/5) D:13
  Crypt (3/3) Vaults:3       Tomb (0/3) Crypt:3      Depths (5/5) D:15
   Hell (1/1)                 Dis (0/7) Hell            Geh (0/7) Hell
    Coc (0/7) Hell            Tar (0/7) Hell            Zot (5/5) Depths:5

Altars:
Ashenzari
Cheibriados
Dithmenos
Elyvilon
Fedhas
Gozag
Hepliaklqana
Kikubaaqudgha
Makhleb
Nemelex Xobeh
Okawaru
Qazlal
Ru
Sif Muna
Trog
Uskayaw
Vehumet
Xom
Yredelemnul
Zin
The Shining One
Beogh

Shops:
D:6 !   Orc:1 ?   Orc:2 !(?:   Shoals:3 !   Vaults:1 :   Depths:3 ==}

Portals:
Hell: Depths:1 Depths:3 Depths:4 Depths:5
Abyss: Depths:4
Pandemonium: Depths:3 Depths:5

Annotations:
Vaults:2 patman's ghost, adept TeFE


Innate Abilities, Weirdness & Mutations

You reflexively headbutt those who attack you in melee.
You have a pair of horns on your head.
Scrolls take you longer to read.
You are very clumsy. (Dex -4)
You are frail. (-10% HP)
Your magical capacity is low. (-10% MP)
You occasionally shout uncontrollably at your foes.
You are occasionally teleported next to monsters.
You are weak. (Str -2)
Your spells are easier to cast, but less powerful.
You expend magic power (3 MP) to strengthen your wands.


Message History

The orb of fire glows yellow.
The bolt of fire misses you.
You found a Zot trap!
The orb of fire glows red.
The fireball explodes!
The fireball engulfs you! You resist.
You feel much better.
The orb of fire glows red.
The bolt of fire misses you.
Your blink will be uncontrolled - continue anyway? [Y]es or [N]o only, please.
Your blink will be uncontrolled - continue anyway? [Y]es or [N]o only, please.
Your blink will be uncontrolled - continue anyway?
Really read with blurry vision while enemies are nearby?
The orb of fire glows red.
The bolt of fire hits you! You resist.
* * * LOW HITPOINT WARNING * * *
The storm dragon breathes lightning at you.
The bolt of lightning hits you!
You die...

......)......###*..............##
.............# ##.............##
.............# #.............#
.............# ##...........##
.............# #...........#
....%........# ##*..........##
............## #.............#
...........## ##.............##
#@^D............#
########.########▓ #.........#
#####'##### #########...# #
............# # ###########.# #
#.# # #.# #


You could see an orb of fire and a storm dragon.

Vanquished Creatures
  the Royal Jelly (Slime:5)
  Khufu (Crypt:3)
  6 orbs of fire
  4 ancient liches
  Mara (Shoals:3)
  A juggernaut (Depths:5)
  A Killer Klown (Zot:5)
  Geryon (Hell)
  A curse toe (Zot:5)
  Nikola (Spider:3)
  13 golden dragons
  Jory (Vaults:4)
  A profane servitor (Crypt:3)
  A bone dragon (Crypt:3)
  An iron giant (shapeshifter) (Vaults:4)
  7 electric golems
  2 Ice Fiends (IceCv)
  14 tentacled monstrosities
  8 liches
  Jorgrun (Vaults:2)
  Asterion (Elf:3)
  6 quicksilver dragons
  19 Orb Guardians (Zot:5)
  2 deep elf blademasters (Elf:3)
  3 titans
  21 acid blobs
  4 death cobs
  Murray (Depths:1)
  Kirke (Shoals:1)
  5 sphinxes
  Gastronok (Lair:1)
  3 tentacled starspawn (Abyss:2)
  2 ancient champions
  10 shadow dragons
  Ilsuiw (Shoals:3)
  Roxanne (Shoals:3)
  19 storm dragons
  Donald (Shoals:1)
  20 azure jellies
  6 draconian monks
  10 fire giants
  5 tengu reavers
  4 draconian knights
  4 revenants
  6 ghost moths
  A balrug (Hell)
  An iron dragon (Depths:4)
  6 draconian scorchers
  An orc warlord (Vaults:3)
  A cacodemon (Hell)
  8 emperor scorpions
  14 vault wardens
  3 frost giants
  4 deep elf sorcerers (Elf:3)
  6 ghouls
  5 deep elf elementalists (Elf:3)
  2 curse skulls
  4 draconian annihilators
  7 ironheart preservers
  Aizul (Shoals:1)
  4 draconian stormcallers
  3 reapers
  A spriggan defender (Depths:4)
  7 war gargoyles
  2 draconian shifters
  A juggernaut skeleton (Crypt:2)
  26 very ugly things
  31 stone giants
  2 entropy weavers
  3 vampire knights
  Azrael (D:13)
  18 black draconians
  2 deep elf demonologists
  9 white draconians
  10 green draconians
  9 deep elf annihilators
  5 red draconians
  5 purple draconians
  5 yellow draconians
  5 eidola
  6 merfolk javelineers
  2 mummy priests (Crypt:3)
  10 deep elf death magi
  14 ettins
  11 merfolk impalers
  2 quicksilver dragon zombies
  4 death oozes (Slime:5)
  25 jiangshi
  A crystal guardian (Vaults:4)
  6 fire dragons
  13 yaktaur captains
  3 deep elf high priests (Elf:3)
  10 great orbs of eyes
  Erolcha (Orc:2)
  5 rakshasas
  10 ice dragons
  A quicksilver dragon skeleton (Crypt:2)
  24 vault guards (Vaults:4)
  8 death knights
  3 spriggan air magi (Depths:4)
  A ghost crab (shapeshifter) (Vaults:2)
  8 hydras
  2 merfolk aquamancers
  An alligator snapping turtle (Shoals:4)
  9 merfolk avatars
  13 centaur warriors
  3 deep troll shamans
  2 satyrs (Shoals:4)
  8 death scarabs (Spider:4)
  37 dancing weapons
  3 spriggan berserkers
  7 tengu warriors
  17 death yaks
  10 ogre magi
  6 deep troll earth magi
  15 large abominations
  4 hell hogs
  5 thrashing horrors (Abyss:2)
  Urug (D:14)
  An orc high priest (Vaults:3)
  8 vampire magi
  5 shock serpents (Zot:4)
  Nergalle (Orc:2)
  5 sun demons
  3 hell knights
  19 deep elf knights
  An iron golem (Depths:1)
  2 soul eaters (Hell)
  A spectral emperor scorpion (Spider:4)
  5 wretched stars (Abyss:2)
  9 small abominations
  An iron troll (Depths:5)
  2 salamander mystics
  38 skeletal warriors
  8 shadow wraiths
  2 sixfirhies
  11 flayed ghosts
  18 deep trolls
  11 sea snakes
  A shadow demon (Abyss:2)
  A quicksilver dragon simulacrum (Depths:1)
  2 spectral wolf spiders
  5 unseen horrors
  7 glowing orange brains
  A spectral iron dragon (Crypt:3)
  10 deep elf archers
  A golden dragon skeleton (Abyss:2)
  5 wizards
  7 hill giants
  A kraken simulacrum (Shoals:4)
  An anaconda zombie (Hell)
  5 wolf spider zombies
  3 lindwurms
  14 phantasmal warriors
  8 ironbrand convokers
  Pikel (D:7)
  4 necromancers
  20 orc knights
  A sphinx zombie (Crypt:2)
  7 shining eyes
  14 oklob plants
  9 orc sorcerers
  41 harpies
  An iron dragon zombie (Crypt:1)
  2 hell hog zombies (Crypt:2)
  31 wolf spiders
  6 salamanders
  14 orb spiders
  19 ugly things
  15 manticores
  16 fauns
  15 elephants
  47 deep elf magi
  26 moths of wrath
  2 worldbinders (Abyss:2)
  A centaur zombie (D:15)
  11 cyclopes
  9 merfolk sirens
  2 ice statues (IceCv)
  An eye of devastation (shapeshifter) (Elf:1)
  An iron dragon skeleton (Crypt:2)
  A dire elephant zombie (Hell)
  3 water nymphs
  A guardian serpent (shapeshifter) (Depths:1)
  2 rust devils (Hell)
  5 eyes of devastation
  A water nymph (shapeshifter) (Vaults:4)
  9 vault sentinels
  7 black mambas
  Maurice (D:8)
  8 spiny frogs
  A torpor snail (shapeshifter) (Vaults:5)
  6 smoke demons
  Joseph (D:7)
  A spiny frog (shapeshifter) (Vaults:1)
  6 orange demons
  A gargoyle (D:15)
  A spectral redback (Spider:4)
  42 yaktaurs
  5 rime drakes
  A rime drake (shapeshifter) (Vaults:4)
  14 demonic crawlers
  A komodo dragon (shapeshifter) (Depths:4)
  10 torpor snails
  3 hellions
  10 komodo dragons
  An efreet (Abyss:2)
  10 freezing wraiths
  A yaktaur (shapeshifter) (Elf:1)
  A kobold demonologist (D:13)
  An anaconda simulacrum (Depths:2)
  3 redback zombies (Spider:4)
  4 hydra zombies (Hell)
  A tengu conjurer (Depths:1)
  The ghost of AAAAA the Slasher, a novice VSMo (D:4)
  6 ancient zymes (Abyss:2)
  2 trolls (Orc:2)
  A harpy zombie (D:15)
  21 ice devils
  44 jumping spiders
  4 tyrant leeches (Lair:6)
  A polar bear (Lair:3)
  40 merfolk
  7 guardian mummies (Crypt:3)
  A jumping spider (shapeshifter) (D:14)
  A meliai (shapeshifter) (Depths:4)
  25 hornets
  21 two-headed ogres
  6 spectral tarantellas (Spider:4)
  A two-headed ogre (shapeshifter) (Depths:3)
  A tarantella zombie (Spider:4)
  A wind drake (shapeshifter) (Vaults:2)
  14 raiju
  A harpy skeleton (Crypt:1)
  2 spectral jumping spiders (Spider:4)
  3 wind drakes
  A jumping spider zombie (Spider:4)
  151 slime creatures
  16 dream sheep
  A dream sheep (shapeshifter) (Vaults:5)
  32 blink frogs
  2 ettin zombies (Depths:1)
  10 hippogriffs
  12 snapping turtles
  3 alligator zombies
  56 flying skulls
  13 wraiths
  69 redbacks
  25 water elementals
  10 starcursed masses (Abyss:2)
  10 air elementals
  3 spriggans
  A wyvern (shapeshifter) (Depths:4)
  An ettin skeleton (Depths:1)
  16 fire elementals
  30 tarantellas
  2 wyverns
  2 ynoxinuls (Abyss:2)
  4 basilisks
  6 hogs
  A human (D:7)
  A fire bat (Abyss:2)
  6 shadows
  A wandering mushroom (Lair:5)
  A hog (shapeshifter) (Vaults:4)
  27 yaks
  2 vampires
  13 golden eyes
  Grum (D:8)
  3 steam dragons
  A catoblepas simulacrum (Hell)
  A neqoxec (Abyss:2)
  4 hungry ghosts
  8 swamp worms (Spider:2)
  A swamp worm (shapeshifter) (Vaults:4)
  2 soldier ants
  A naga (shapeshifter) (Depths:5)
  6 wargs
  2 spiny frog zombies (Hell)
  17 hell hounds
  A hydra simulacrum (Hell)
  An orb spider zombie (Crypt:1)
  3 floating eyes
  7 porcupines
  A hell hound (shapeshifter) (Vaults:4)
  A spiny frog skeleton (Hell)
  14 water moccasins
  3 spectral hornets (Spider:4)
  32 orc warriors
  2 ice beasts
  A torturous demonspawn skeleton (Crypt:2)
  A sky beast (D:13)
  10 eyes of draining
  2 ettin simulacra
  4 boggarts (Vaults:2)
  7 necrophages
  A lindwurm zombie (Crypt:1)
  An alligator simulacrum (Abyss:2)
  An eye of draining (shapeshifter) (Elf:1)
  34 ogres
  2 slaves (D:7)
  17 wolves
  A phantom (D:8)
  15 centaurs
  A snapping turtle skeleton (Crypt:2)
  15 crocodiles
  An elephant skeleton (Crypt:1)
  Blork the orc (D:6)
  4 big kobolds
  17 bullfrogs
  A draconian skeleton (Crypt:2)
  3 earth elementals
  6 gnolls
  2 wyvern skeletons
  7 scorpions
  3 killer bees (D:12)
  10 wights
  7 howler monkeys
  An electric eel (Spider:2)
  A howler monkey (shapeshifter) (Vaults:5)
  8 crimson imps
  2 quasits
  3 jellies
  43 orc wizards
  A gnoll shaman (D:9)
  8 hounds
  17 orc priests
  2 bullfrog skeletons
  6 centaur skeletons
  An iron imp (D:11)
  3 iguanas
  6 worker ants
  5 lightning spires (Zot:4)
  10 hell rats
  A felid zombie (Crypt:1)
  A crocodile zombie (Crypt:1)
  A demigod skeleton (Crypt:1)
  A crocodile skeleton (Crypt:2)
  A hound skeleton (D:6)
  4 mummies (Ossuary)
  A worker ant zombie (D:11)
  15 adders
  A steam dragon skeleton (Crypt:2)
  5 shadow imps
  10 white imps
  11 ufetubi
  An adder skeleton (D:8)
  A worm (shapeshifter) (Vaults:4)
  11 worms (Spider:2)
  6 leopard geckos
  80 orcs
  A giant cockroach (D:3)
  4 goblins
  7 hobgoblins
  8 jackals
  21 kobolds
  4 quokkas
  2 ball pythons
  3 bats
  5 frilled lizards
  2 gnoll zombies (Ossuary)
  2 hobgoblin zombies (Ossuary)
  A jackal skeleton (D:5)
  A kobold zombie (Ossuary)
  A leopard gecko skeleton (D:8)
  An orc skeleton (Crypt:2)
  2 orc zombies
  A quokka zombie (Crypt:2)
  3 rats
  2 bushes (Zot:2)
  A crawling corpse (Elf:3)
  10 fungi
  22 plants
  A tentacle (Shoals:4)
2841 creatures vanquished.

Vanquished Creatures (collateral kills)
  A vault warden (Vaults:2)
  An ogre mage (D:13)
  A centaur (D:13)
  4 mummies (Ossuary)
  3 gnolls (D:5)
  An orc (D:5)
  A hobgoblin zombie (Ossuary)
12 creatures vanquished.

Vanquished Creatures (others)
  3 deep elf master archers (Elf:3)
  2 storm dragons (Zot:4)
  A ghost moth (Zot:4)
  A draconian knight (Zot:2)
  A stone giant (Depths:4)
  Nessos (D:13)
  3 green draconians (Zot:4)
  3 merfolk javelineers
  4 yaktaur captains
  6 centaur warriors
  A dancing weapon (Vaults:5)
  A sun demon (Hell)
  A two-headed ogre (D:13)
  A deep troll (Vaults:2)
  A necromancer (Hell)
  An orc knight (Vaults:5)
  2 cyclopes
  A faun (Shoals:2)
  A moth of wrath (Zot:5)
  A vault sentinel (Vaults:5)
  10 yaktaurs
  A raiju (Zot:4)
  A water elemental (Depths:1)
  A redback (Spider:3)
  A tarantella (Spider:3)
  A human (Shoals:1)
  A black bear (D:11)
  2 slaves (D:7)
  2 ogres
  2 centaurs (Depths:3)
  A gnoll sergeant (D:5)
  A jelly (Depths:4)
  A hell rat (Hell)
  A white imp (IceCv)
  5 ball lightnings (Zot:4)
  A kobold zombie (Ossuary)
  7 bushes
  33 fungi
  A lurking horror (Abyss:2)
  81 plants
  16 starspawn tentacles (Abyss:2)
  2 tentacles (Shoals:4)
208 creatures vanquished.

Grand Total: 3061 creatures vanquished

Notes
Turn   | Place    | Note
-------+----------+-------------------------------------------
     0 | D:1      | Blackmore the Minotaur Fighter began the quest for the Orb.
     0 | D:1      | Reached XP level 1. HP: 19/19 MP: 0/0
   168 | D:1      | Reached XP level 2. HP: 22/27 MP: 1/1
   709 | D:2      | Found a shadowy altar of Dithmenos.
   867 | D:2      | Reached XP level 3. HP: 26/33 MP: 2/2
  1476 | D:3      | Reached XP level 4. HP: 36/41 MP: 3/3
  1914 | D:3      | Found a snail-covered altar of Cheibriados.
  2326 | D:4      | Found a glowing silver altar of Zin.
  2327 | D:4      | Found an opulent altar of Gozag.
  2327 | D:4      | Found an ancient bone altar of Kikubaaqudgha.
  2341 | D:4      | Found a white marble altar of Elyvilon.
  2351 | D:4      | Reached skill level 5 in Axes
  2351 | D:4      | Reached XP level 5. HP: 20/47 MP: 4/4
  2630 | D:4      | Noticed AAAAA's ghost (novice VSMo)
  2748 | D:4      | Found a sacrificial altar of Ru.
  2883 | D:4      | Killed AAAAA's ghost
  2883 | D:4      | Reached skill level 5 in Fighting
  2883 | D:4      | Reached skill level 5 in Armour
  2883 | D:4      | Reached XP level 6. HP: 41/56 MP: 5/5
  2982 | D:4      | Reached XP level 7. HP: 61/61 MP: 6/6
  3139 | D:4      | Got an ancient chain mail
  3150 | D:4      | Identified the +1 chain mail of Okawaru's Indignation {+Blink rF++ Dex-4 Stlth+} (You found it on level 4 of the Dungeon)
  3168 | D:5      | Entered Level 5 of the Dungeon
  3198 | D:5      | Got a jewelled hand axe
  3199 | D:5      | Lost dexterity.
  3199 | D:5      | Identified the +6 hand axe of Wondrous Power {pain, rC++ rN++ Dex-5} (You found it on level 5 of the Dungeon)
  3609 | D:5      | Got a bloodstained leather armour
  3620 | D:5      | Identified the cursed +0 leather armour "Ahiuc" {-Tele rCorr Dex+4} (You found it on level 5 of the Dungeon)
  4118 | D:6      | Noticed a hippogriff
  4129 | D:6      | Killed a hippogriff
  4209 | D:6      | Got a transparent cloak
  4215 | D:6      | Identified the +2 cloak of Laecosaw {Int+2 Stlth+} (You found it on level 6 of the Dungeon)
  4413 | D:6      | Found a staircase to the Ecumenical Temple.
  4457 | Temple   | Entered the Ecumenical Temple
  4565 | Temple   | Became a worshipper of Warmaster Okawaru
  4789 | D:6      | Found Jenaxoup's Distillery.
  4838 | D:6      | Noticed Blork the orc
  4849 | D:6      | Killed Blork the orc
  4849 | D:6      | Reached XP level 8. HP: 64/70 MP: 7/7
  5043 | D:7      | Found a basalt altar of Yredelemnul.
  5084 | D:7      | Found a burning altar of Makhleb.
  5141 | D:7      | Found a sand-covered staircase.
  5148 | Ossuary  | Entered an ossuary
  5441 | D:7      | Found a glowing silver altar of Zin.
  5522 | D:7      | Reached skill level 5 in Shields
  5531 | D:7      | Reached * piety under Okawaru
  5543 | D:7      | Found a bloodstained altar of Trog.
  5572 | D:7      | Reached skill level 10 in Axes
  5591 | D:7      | Noticed Joseph
  5646 | D:8      | Found a deep blue altar of Sif Muna.
  5733 | D:8      | Noticed Grum
  5749 | D:8      | Killed Grum
  5749 | D:8      | Reached ** piety under Okawaru
  5756 | D:8      | Reached skill level 1 in Evocations
  5756 | D:8      | Reached XP level 9. HP: 61/78 MP: 8/8
  5781 | D:8      | Noticed Maurice
  5799 | D:8      | Killed Maurice
  5985 | D:8      | Reached *** piety under Okawaru
  6023 | D:8      | Got an iridescent war axe
  6024 | D:8      | Identified the +4 war axe of Triumph {freeze, Int+4} (You found it on level 8 of the Dungeon)
  6136 | D:8      | Gained mutation: Your mind is acute. (Int +2) [potion of mutation]
  6136 | D:8      | Gained mutation: You are somewhat resistant to further mutation. [potion of mutation]
  6136 | D:8      | Gained mutation: Potions and wands are less effective at restoring your health. [potion of mutation]
  6341 | D:9      | Noticed a cyclops
  6345 | D:9      | Killed a cyclops
  6465 | D:9      | Reached **** piety under Okawaru
  6919 | D:9      | Reached XP level 10. HP: 90/90 MP: 10/10
  6964 | D:9      | Found a staircase to the Lair.
  6966 | D:9      | Noticed a death yak
  6967 | D:9      | Noticed a death yak
  6995 | D:9      | Killed a death yak
  7149 | D:9      | Noticed a death yak
  7232 | D:9      | Reached ***** piety under Okawaru
  7529 | D:9      | Noticed a death yak
  7542 | D:9      | Noticed a death yak
  7544 | D:9      | Noticed a death yak
  7544 | D:9      | Killed a death yak
  7544 | D:9      | Received a gift from Okawaru
  7546 | D:9      | Noticed a death yak
  7607 | D:9      | Found a staircase to the Orcish Mines.
  7616 | Lair:1   | Entered Level 1 of the Lair of Beasts
  7622 | Lair:1   | Received a gift from Okawaru
  7627 | Lair:1   | Got a pair of steaming gloves {god gift}
  7633 | Lair:1   | Identified the +0 pair of gloves of Knowledge {rElec MR+ Str-5 Dex+5} (Okawaru gifted it to you on level 1 of the Lair of Beasts)
  7725 | Lair:1   | Noticed a spiny frog
  7737 | Lair:1   | Killed a spiny frog
  8238 | Lair:1   | Noticed Gastronok
  8252 | Lair:1   | Killed Gastronok
  8252 | Lair:1   | Reached XP level 11. HP: 97/99 MP: 10/12
  8966 | Lair:1   | Reached skill level 10 in Fighting
  9233 | Lair:1   | Reached skill level 15 in Axes
  9666 | Lair:2   | Found a hole to the Spider Nest.
 10065 | Lair:2   | Received a gift from Okawaru
 10089 | Lair:2   | Identified a +1 pair of boots of running (Okawaru gifted it to you on level 2 of the Lair of Beasts)
 11034 | Lair:3   | Reached ****** piety under Okawaru
 11275 | Lair:3   | Reached XP level 12. HP: 87/108 MP: 11/13
 11279 | Lair:3   | Reached skill level 10 in Armour
 11710 | Lair:4   | Noticed a death yak
 11711 | Lair:4   | Noticed a death yak
 11711 | Lair:4   | Noticed a death yak
 11711 | Lair:4   | Noticed a death yak
 11736 | Lair:3   | Killed a death yak
 11905 | Lair:4   | Killed a death yak
 12080 | Lair:4   | Noticed a four-headed hydra
 12167 | Lair:5   | Received a gift from Okawaru
 12226 | Lair:5   | Noticed a four-headed hydra
 12272 | Lair:5   | Killed an 11-headed hydra
 12475 | Lair:5   | Noticed a five-headed hydra
 12518 | Lair:5   | Killed an 11-headed hydra
 12730 | Lair:5   | Found a staircase to the Slime Pits.
 13174 | Lair:5   | Received a gift from Okawaru
 13181 | Lair:5   | Got a polished war axe {god gift}
 13182 | Lair:5   | Identified the +4 war axe of Syte {venom, +Rage rC+ Int+4} (Okawaru gifted it to you on level 5 of the Lair of Beasts)
 13440 | Lair:6   | Entered Level 6 of the Lair of Beasts
 13440 | Lair:6   | Noticed a death yak
 13456 | Lair:6   | Killed a death yak
 13461 | Lair:6   | Noticed a death yak
 13462 | Lair:6   | Noticed a death yak
 13477 | Lair:6   | Killed a death yak
 13481 | Lair:6   | Killed a death yak
 13513 | Lair:6   | Noticed an eight-headed hydra
 13539 | Lair:6   | Killed a 15-headed hydra
 13555 | Lair:6   | Reached XP level 13. HP: 62/119 MP: 8/15
 13961 | Lair:6   | Received a gift from Okawaru
 14026 | Lair:6   | Found a runed door.
 14095 | Lair:6   | Paralysed by a hornet for 2 turns
 14103 | Lair:6   | Reached skill level 10 in Shields
 14105 | Lair:6   | Received a gift from Okawaru
 14109 | Lair:6   | Paralysed by a hornet for 2 turns
 14888 | Lair:6   | Got a smelly leather armour
 14899 | Lair:6   | Identified the +0 leather armour of Hadjma {rF+} (You found it on level 6 of the Lair of Beasts)
 15820 | Lair:4   | Received a gift from Okawaru
 15867 | Lair:4   | Reached XP level 14. HP: 133/133 MP: 13/16
 15955 | Lair:4   | Found a staircase to the Shoals.
 16197 | D:10     | Entered Level 10 of the Dungeon
 17321 | D:11     | Reached skill level 15 in Fighting
 17850 | D:12     | Received a gift from Okawaru
 18779 | Shoals:1 | Entered Level 1 of the Shoals
 19581 | D:12     | Got a pitted falchion
 19582 | D:12     | Identified the +12 falchion of Paper {freeze, rPois rF+ Int+4} (You found it on level 12 of the Dungeon)
 19740 | D:12     | Reached skill level 5 in Evocations
 20110 | D:13     | Noticed Nessos
 20128 | D:13     | Killed Nessos
 20443 | D:13     | Received a gift from Okawaru
 20569 | D:13     | Found a gate to the Vaults.
 20736 | D:13     | Reached XP level 15. HP: 120/144 MP: 14/17
 20826 | D:13     | Noticed Azrael
 20850 | D:13     | Killed Azrael
 21220 | D:14     | Noticed Urug
 21258 | D:14     | Killed Urug
 21930 | D:15     | Entered Level 15 of the Dungeon
 22104 | D:15     | Received a gift from Okawaru
 22126 | D:15     | Found a blossoming altar of Fedhas.
 22914 | D:15     | Found a white marble altar of Elyvilon.
 22961 | D:15     | Found a staircase to the Depths.
 23314 | Orc:1    | Entered Level 1 of the Orcish Mines
 23601 | Orc:2    | Entered Level 2 of the Orcish Mines
 23601 | Orc:2    | Found a roughly hewn altar of Beogh.
 23743 | Orc:2    | Found a staircase to the Elven Halls.
 24026 | Orc:2    | Found Lagg's Antique Weapon Boutique.
 24087 | Orc:2    | Found Mademu's Distillery.
 24117 | Orc:2    | Found a radiant altar of Vehumet.
 24118 | Orc:2    | Noticed Erolcha
 24144 | Orc:2    | Killed Erolcha
 24150 | Orc:2    | Found Bigruh's Magic Scroll Boutique.
 24170 | Orc:2    | Noticed Nergalle
 24218 | Orc:2    | Killed Nergalle
 24388 | Orc:2    | Bought a scroll of teleportation for 33 gold pieces
 24390 | Orc:2    | Found an ancient bone altar of Kikubaaqudgha.
 24398 | Orc:2    | Found a roughly hewn altar of Beogh.
 24398 | Orc:2    | Found Kusmenipt's Book Shop.
 24475 | Orc:2    | Bought a shimmering war axe for 212 gold pieces
 24475 | Orc:2    | Identified the +7 war axe of Skirmishing {holy, rF+} (You bought it in a shop on level 2 of the Orcish Mines)
 24622 | Orc:2    | Found a deep blue altar of Sif Muna.
 24862 | Orc:1    | Found Tuulusch's Magic Scroll Boutique.
 25225 | Depths:1 | Entered Level 1 of the Depths
 25488 | Depths:1 | Found a glowing golden altar of the Shining One.
 25494 | Depths:1 | Found a gateway to Hell.
 25510 | Depths:1 | Noticed a lich
 25523 | Depths:1 | Killed a lich
 25863 | Depths:1 | Received a gift from Okawaru
 25863 | Depths:1 | Reached XP level 16. HP: 81/155 MP: 13/19
 26970 | Depths:1 | Received a gift from Okawaru
 27039 | Depths:2 | Noticed a shadow dragon
 27274 | Depths:2 | Killed a shadow dragon
 27565 | Depths:2 | Reached skill level 1 in Throwing
 27819 | Depths:3 | Found a flickering gateway to a bazaar.
 27837 | Bazaar   | Entered a bazaar
 27844 | Bazaar   | Found Otiet Jig's Magic Scroll Shoppe.
 27868 | Bazaar   | Found Divis's Assorted Antiques.
 27873 | Bazaar   | Found Runilen's Gadget Shop.
 27879 | Bazaar   | Found Ziuva's Antique Armour Shoppe.
 27891 | Bazaar   | Bought a glowing plate armour for 609 gold pieces
 27914 | Bazaar   | Bought a steaming cloak for 199 gold pieces
 27924 | Bazaar   | Identified the +1 cloak of the Beekeeper {rElec Str+7} (You bought it in a shop in a bazaar)
 27924 | Bazaar   | Bought a fine zirconium amulet for 105 gold pieces
 27924 | Bazaar   | Bought a twisted war axe for 178 gold pieces
 27924 | Bazaar   | Identified the +8 war axe "Cetenuec" {flame, rElec Int+9} (You bought it in a shop in a bazaar)
 27925 | Bazaar   | Identified the amulet "Naschucas" {+Rage rElec rPois Int-4} (You bought it in a shop in a bazaar)
 27930 | Bazaar   | Bought a large agate ring for 105 gold pieces
 27955 | Bazaar   | Bought a scroll of enchant weapon for 90 gold pieces
 27955 | Bazaar   | Bought a scroll of teleportation for 36 gold pieces
 27955 | Bazaar   | Bought a scroll of enchant weapon for 90 gold pieces
 27955 | Bazaar   | Bought a scroll of identify for 24 gold pieces
 27955 | Bazaar   | Bought a scroll of acquirement for 624 gold pieces
 27958 | Bazaar   | Got a warped chain mail
 27969 | Bazaar   | Identified the +1 chain mail "Doveele" {rN++ SInv} (You acquired it in a bazaar)
 27969 | Bazaar   | Bought a scroll of identify for 24 gold pieces
 27969 | Bazaar   | Bought a scroll of identify for 24 gold pieces
 27969 | Bazaar   | Bought a scroll of identify for 24 gold pieces
 28046 | Depths:3 | Received a gift from Okawaru
 28423 | Depths:3 | Found a one-way gate leading to the halls of Pandemonium.
 28512 | Depths:3 | Noticed a sphinx
 28512 | Depths:3 | Paralysed by a floating eye for 3 turns
 28535 | Depths:3 | Killed a sphinx
 28572 | Depths:3 | Noticed a golden dragon
 28583 | Depths:3 | Killed a golden dragon
 28583 | Depths:3 | Reached skill level 15 in Shields
 28863 | Depths:3 | Noticed a titan
 28869 | Depths:3 | Killed a titan
 28874 | Depths:3 | Noticed a lich
 28882 | Depths:3 | Killed a lich
 28891 | Depths:3 | Noticed a golden dragon
 28903 | Depths:3 | Killed a golden dragon
 28903 | Depths:3 | Reached XP level 17. HP: 106/166 MP: 15/20
 28944 | Depths:3 | Identified a +1 pair of boots of running (You found it on level 3 of the Depths)
 29031 | Depths:3 | Received a gift from Okawaru
 29034 | Depths:3 | Got a fine plate armour {god gift}
 29045 | Depths:3 | Identified the +0 plate armour "Soxukune" {rElec rC+ Regen+} (Okawaru gifted it to you on level 3 of the Depths)
 29184 | Depths:3 | Found Fuapuem's Gadget Boutique.
 29184 | Depths:3 | Found Umpocupp's Jewellery Emporium.
 29185 | Depths:3 | Found Derhaatu's Jewellery Emporium.
 29199 | Depths:3 | Bought a +5 amulet of reflection for 325 gold pieces
 30083 | Depths:4 | Paralysed by a floating eye for 3 turns
 30237 | Depths:4 | Paralysed by a floating eye for 4 turns
 30551 | Depths:4 | Reached skill level 1 in Invocations
 30611 | Depths:4 | Noticed a titan
 30617 | Depths:4 | Killed a titan
 30992 | Depths:5 | Entered Level 5 of the Depths
 31037 | Depths:4 | Found a one-way gate to the infinite horrors of the Abyss.
 31070 | Depths:4 | Received a gift from Okawaru
 31077 | Depths:4 | Noticed a lich
 31128 | Depths:4 | Killed a lich
 31402 | Depths:4 | Received a gift from Okawaru
 31420 | Depths:4 | Got a warped pewter ring
 31421 | Depths:4 | Identified the ring "Nyumapn" {rC+ SInv} (You took it off an ogre mage on level 4 of the Depths)
 31687 | Depths:5 | Reached XP level 18. HP: 168/178 MP: 19/22
 31710 | Depths:5 | Noticed a golden dragon
 31734 | Depths:5 | Noticed a golden dragon
 32149 | Depths:5 | Received a gift from Okawaru
 32304 | Depths:5 | Noticed a lich
 32310 | Depths:5 | Killed a lich
 32360 | Depths:5 | Noticed a juggernaut
 32380 | Depths:5 | Killed a juggernaut
 32393 | Depths:5 | Noticed a golden dragon
 32479 | Depths:4 | Killed a golden dragon
 32562 | Depths:4 | Killed a golden dragon
 32944 | Depths:5 | Received a gift from Okawaru
 32950 | Depths:5 | Got a translucent hand axe {god gift}
 32951 | Depths:5 | Identified the +9 hand axe "Siolikku" {freeze, rPois Int+3} (Okawaru gifted it to you on level 5 of the Depths)
 33044 | Depths:5 | Killed a golden dragon
 33220 | Depths:5 | Found a gate to the Realm of Zot.
 33767 | Depths:3 | Noticed a lich
 33778 | Depths:3 | Killed a lich
 33780 | Depths:3 | Received a gift from Okawaru
 34340 | Depths:3 | Got a pair of smoking boots {god gift}
 34351 | Depths:3 | Identified the +1 pair of boots of the Curious Dances {Str+6} (Okawaru gifted it to you on level 3 of the Depths)
 34691 | Spider:1 | Entered Level 1 of the Spider Nest
 35236 | Spider:1 | Reached XP level 19. HP: 173/187 MP: 21/23
 37345 | Temple   | Lost mutation: Your mind is acute. (Int +2) [potion of cure mutation]
 37345 | Temple   | Lost mutation: You are somewhat resistant to further mutation. [potion of cure mutation]
 37346 | Temple   | Gained mutation: You have large cloven feet. [potion of beneficial mutation]
 38126 | Spider:3 | Noticed Nikola
 38141 | Spider:3 | Killed Nikola
 38245 | Spider:3 | Received a gift from Okawaru
 38374 | Spider:4 | Entered Level 4 of the Spider Nest
 38722 | Spider:4 | Received a gift from Okawaru
 38835 | Spider:4 | Reached skill level 15 in Armour
 38991 | Spider:4 | Received a gift from Okawaru
 38997 | Spider:4 | Got a scorched cloak {god gift}
 39008 | Spider:4 | Identified the +2 cloak "Cietsi" {rN+ Int+4} (Okawaru gifted it to you on level 4 of the Spider Nest)
 39797 | Spider:4 | Reached XP level 20. HP: 100/199 MP: 8/24
 40131 | Spider:4 | Got a gossamer rune of Zot
 40764 | Elf:1    | Entered Level 1 of the Elven Halls
 40785 | Elf:1    | Found a radiant altar of Vehumet.
 40882 | Elf:1    | Found a frozen archway.
 40886 | IceCv    | Entered an ice cave
 41458 | Elf:1    | Found a portal to a secret trove of treasure.
 41879 | Elf:1    | Received a gift from Okawaru
 42482 | Elf:1    | Received a gift from Okawaru
 42946 | Elf:2    | Received a gift from Okawaru
 43286 | Elf:2    | Found a huge runed gate.
 43286 | Elf:2    | Found a huge runed gate.
 43287 | Elf:2    | Found a huge runed gate.
 43288 | Elf:2    | Found a huge runed gate.
 43295 | Elf:2    | Found a huge runed gate.
 43893 | Elf:3    | Entered Level 3 of the Elven Halls
 44084 | Elf:3    | Received a gift from Okawaru
 44438 | Elf:3    | Noticed Asterion
 44457 | Elf:3    | Killed Asterion
 44536 | Elf:3    | Reached XP level 21. HP: 207/207 MP: 25/25
 44761 | Elf:3    | Received a gift from Okawaru
 44766 | Elf:3    | Cast into level 2 of the Abyss (a deep elf sorcerer)
 45292 | Elf:3    | Escaped the Abyss
 45727 | Elf:3    | Got a vibrating golden ring
 45728 | Elf:3    | Identified the ring of Birdsong {Dex+4 SInv} (You took it off a deep elf high priest on level 3 of the Elven Halls)
 45797 | Elf:3    | Received a gift from Okawaru
 45806 | Elf:3    | Got a ring of the Octopus King
 45863 | Elf:3    | Identified a ring of the Octopus King {MP+9 AC+1 EV+1 Str+1 Int+1 Dex+1} (You found it on level 3 of the Elven Halls)
 45952 | Elf:3    | Identified the Volume of Venom
 45953 | Elf:3    | Identified the Reference Book on Scorching Clay
 45968 | Elf:3    | Got a pair of translucent boots
 45979 | Elf:3    | Identified the +2 pair of boots of Context {rF- Dex+3} (You found it on level 3 of the Elven Halls)
 46343 | Vaults:1 | Entered Level 1 of the Vaults
 46488 | Vaults:1 | Found a flickering gateway to a bazaar.
 46508 | Bazaar   | Entered a bazaar
 46521 | Bazaar   | Found Bupeenu's Jewellery Shoppe.
 46521 | Bazaar   | Found Vadoutel's Magic Scroll Shoppe.
 46557 | Bazaar   | Found Ycvol's Antique Armour Emporium.
 46557 | Bazaar   | Found Yzilaeg's Antique Weapon Emporium.
 46596 | Bazaar   | Bought a scroll of enchant armour for 75 gold pieces
 46596 | Bazaar   | Bought a scroll of teleportation for 30 gold pieces
 46596 | Bazaar   | Bought a scroll of magic mapping for 35 gold pieces
 46596 | Bazaar   | Bought a scroll of identify for 20 gold pieces
 46596 | Bazaar   | Bought a scroll of summoning for 95 gold pieces
 46596 | Bazaar   | Bought a scroll of magic mapping for 35 gold pieces
 46778 | Vaults:1 | Found Nodeir's Book Boutique.
 46971 | Vaults:1 | Reached skill level 27 in Axes
 47745 | Vaults:2 | Noticed patman's ghost (adept TeFE)
 47872 | Vaults:2 | Noticed Jorgrun
 47888 | Vaults:2 | Killed Jorgrun
 48270 | Vaults:2 | Received a gift from Okawaru
 48348 | Vaults:2 | Reached XP level 22. HP: 216/220 MP: 27/27
 48972 | Vaults:2 | Received a gift from Okawaru
 50585 | Vaults:3 | Found a staircase to the Crypt.
 50615 | Vaults:3 | Received a gift from Okawaru
 50616 | Vaults:3 | Got a smoking robe {god gift}
 51872 | Vaults:4 | Upgraded the game from 0.20-a0-219-g21f8257 to 0.20-a0-229-ge6e0e65
 52402 | Vaults:4 | Noticed Jory
 52415 | Vaults:4 | Killed Jory
 52967 | Vaults:4 | Received a gift from Okawaru
 52968 | Vaults:4 | Got a crude war axe {god gift}
 52969 | Vaults:4 | Identified the +11 war axe of Amorality {speed, Str+5} (Okawaru gifted it to you on level 4 of the Vaults)
 53626 | Vaults:5 | Entered Level 5 of the Vaults
 53636 | Vaults:4 | Reached XP level 23. HP: 227/237 MP: 26/28
 54288 | Vaults:5 | Received a gift from Okawaru
 54288 | Vaults:5 | Reached skill level 27 in Fighting
 54661 | Vaults:5 | Noticed an ancient lich
 54941 | Vaults:5 | Killed an ancient lich
 55203 | Vaults:5 | Got a pitted hunting sling {velocity}
 55204 | Vaults:5 | Identified the +11 hunting sling of Jotal {velocity, Str+4} (You found it on level 5 of the Vaults)
 55371 | Vaults:5 | Received a gift from Okawaru
 55427 | Vaults:5 | Identified the Compendium of Boosting Cold
 55687 | Vaults:5 | Got a silver rune of Zot
 55688 | Vaults:5 | Identified the Incunabulum of Ashen Poison
 55893 | Vaults:5 | Reached XP level 24. HP: 249/249 MP: 28/28
 56203 | Vaults:5 | Got a distressingly furry buckler
 56214 | Vaults:5 | Identified the cursed +0 buckler of Tasecwae {rC- Regen+ Int+2 Dex+2} (You found it on level 5 of the Vaults)
 56261 | Vaults:4 | Reached XP level 25. HP: 253/257 MP: 28/28
 56641 | Elf:3    | Got a slimy shield
 56652 | Elf:3    | Identified the +4 shield "Zoimisox" {rPois rF- rCorr Dex+6} (You took it off Asterion on level 3 of the Elven Halls)
 56983 | Shoals:1 | Noticed Kirke
 56994 | Shoals:1 | Killed Kirke
 56994 | Shoals:1 | Received a gift from Okawaru
 57121 | Shoals:1 | Noticed Aizul
 57140 | Shoals:1 | Killed Aizul
 57327 | Shoals:1 | Noticed Donald
 57341 | Shoals:1 | Killed Donald
 58195 | Shoals:3 | Noticed Ilsuiw
 58195 | Shoals:3 | Noticed Mara
 58198 | Shoals:3 | Found Fos Quag's Food Emporium.
 58218 | Shoals:3 | Killed Ilsuiw
 58224 | Shoals:3 | Killed Mara
 58672 | Shoals:3 | Received a gift from Okawaru
 58693 | Shoals:3 | Noticed Roxanne
 58746 | Shoals:3 | Killed Roxanne
 58747 | Shoals:3 | Identified Roxanne's Volume of Transmutation (You took it off Roxanne on level 3 of the Shoals)
 58763 | Shoals:3 | Found Imnal's Distillery.
 59070 | Shoals:4 | Entered Level 4 of the Shoals
 60589 | Shoals:4 | Cast into level 2 of the Abyss (merfolk javelineer)
 60627 | Abyss:2  | Found a corrupted altar of Lugonu.
 61466 | Shoals:4 | Escaped the Abyss
 61484 | Shoals:4 | Got a barnacled rune of Zot
 62092 | Crypt:1  | Entered Level 1 of the Crypt
 62673 | Crypt:1  | Received a gift from Okawaru
 63309 | Crypt:2  | Reached XP level 26. HP: 266/266 MP: 28/28
 63642 | Crypt:3  | Entered Level 3 of the Crypt
 63773 | Crypt:3  | Found a basalt altar of Yredelemnul.
 63814 | Crypt:3  | Reached skill level 27 in Shields
 63932 | Crypt:3  | Received a gift from Okawaru
 64196 | Crypt:3  | Noticed Khufu
 64226 | Crypt:3  | Killed Khufu
 64226 | Crypt:3  | Reached skill level 5 in Throwing
 64760 | Crypt:3  | Got a coiled wooden ring
 64761 | Crypt:3  | Identified the cursed ring "Xaowkux" {+Blink AC-3 SInv} (You took it off a guardian mummy on level 3 of the Crypt)
 64979 | Crypt:3  | Found a staircase to the Tomb.
 65088 | Crypt:3  | Received a gift from Okawaru
 65092 | Crypt:3  | Got a jewelled hat {god gift}
 65103 | Crypt:3  | Identified the +1 hat of the Little Devil {Dex+3} (Okawaru gifted it to you on level 3 of the Crypt)
 65825 | Crypt:3  | HP: 10/263 [??? (8)]
 66944 | D:7      | Killed Joseph
 66957 | D:7      | Noticed Pikel
 66962 | D:7      | Killed Pikel
 67131 | D:7      | Found a shimmering altar of Xom.
 67421 | Temple   | Lost mutation: You have large cloven feet. [potion of cure mutation]
 67421 | Temple   | Lost mutation: Potions and wands are less effective at restoring your health. [potion of cure mutation]
 67424 | Temple   | Gained mutation: You are agile. (Dex +2) [potion of beneficial mutation]
 67776 | Elf:1    | You paid a toll of +3 gold dragon scales to enter a treasure trove
 67777 | Trove    | Entered a treasure trove
 67809 | Trove    | Got a faintly glowing crystal amulet
 67813 | Trove    | Got a slimy ivory amulet
 67860 | Trove    | Identified the amulet of Mirth {Inacc rF+ Str+5} (You found it in a treasure trove)
 67862 | Trove    | Identified the amulet "Laediov" {RegenMP Dex+2} (You found it in a treasure trove)
 69468 | Slime:1  | Entered Level 1 of the Pits of Slime
 69502 | Lair:5   | Reached skill level 10 in Throwing
 70935 | Slime:5  | Entered Level 5 of the Pits of Slime
 70949 | Slime:5  | Received a gift from Okawaru
 71014 | Slime:5  | Gained mutation: Your magical capacity is low. (-10% MP) [a shining eye]
 71024 | Slime:5  | Gained mutation: Armour fits poorly on your strangely shaped body. [a shining eye]
 71121 | Slime:5  | Noticed the Royal Jelly
 71128 | Slime:5  | Killed the Royal Jelly
 71128 | Slime:5  | Received a gift from Okawaru
 71128 | Slime:5  | Reached XP level 27. HP: 264/270 MP: 26/26
 71213 | Slime:5  | Reached skill level 15 in Throwing
 71252 | Slime:5  | Received a gift from Okawaru
 71253 | Slime:5  | Got a warped broad axe {god gift}
 71254 | Slime:5  | Identified the +1 broad axe of Wiorphub {chop, +Blink Str+4} (Okawaru gifted it to you on level 5 of the Pits of Slime)
 71550 | Slime:5  | Got a slimy rune of Zot
 72308 | Slime:3  | Gained mutation: You expend magic power (3 MP) to strengthen your wands. [a shining eye]
 72992 | Shoals:3 | Bought a meat ration for 55 gold pieces
 72992 | Shoals:3 | Bought a beef jerky for 16 gold pieces
 72992 | Shoals:3 | Bought a bread ration for 55 gold pieces
 72992 | Shoals:3 | Bought a royal jelly for 22 gold pieces
 72992 | Shoals:3 | Bought a meat ration for 55 gold pieces
 72992 | Shoals:3 | Bought a beef jerky for 16 gold pieces
 72992 | Shoals:3 | Bought a bread ration for 55 gold pieces
 72992 | Shoals:3 | Bought 4 fruits for 66 gold pieces
 72992 | Shoals:3 | Bought a slice of pizza for 16 gold pieces
 72992 | Shoals:3 | Bought a meat ration for 55 gold pieces
 73503 | Hell     | Entered the Vestibule of Hell
 73503 | Hell     | Noticed Murray
 73867 | Hell     | Noticed Geryon
 74215 | Depths:1 | Received a gift from Okawaru
 74660 | Depths:1 | Killed Murray
 74939 | Hell     | Received a gift from Okawaru
 74960 | Hell     | Killed Geryon
 75235 | Hell     | Found a gateway to the ashen valley of Gehenna.
 75311 | Hell     | Found a gateway to the Iron City of Dis.
 75337 | Hell     | Found a gateway to the freezing wastes of Cocytus.
 75420 | Hell     | Found a gateway to the decaying netherworld of Tartarus.
 75670 | Zot:1    | Entered Level 1 of the Realm of Zot
 76132 | Zot:1    | Noticed an orb of fire
 76133 | Zot:1    | Gained mutation: Potions and wands are less effective at restoring your health. [an orb of fire]
 76146 | Zot:1    | Killed an orb of fire
 77096 | Zot:2    | Received a gift from Okawaru
 78436 | Zot:3    | Lost mutation: You are agile. (Dex +2) [potion of cure mutation]
 78436 | Zot:3    | Lost mutation: Armour fits poorly on your strangely shaped body. [potion of cure mutation]
 78436 | Zot:3    | Lost mutation: Potions and wands are less effective at restoring your health. [potion of cure mutation]
 78450 | Zot:3    | Reached skill level 10 in Evocations
 78805 | Zot:3    | Received a gift from Okawaru
 79037 | Zot:4    | Received a gift from Okawaru
 79068 | Zot:4    | Received a gift from Okawaru
 79595 | Zot:4    | Received a gift from Okawaru
 81093 | Zot:5    | Entered Level 5 of the Realm of Zot
 81338 | Zot:5    | Received a gift from Okawaru
 81368 | Zot:5    | Received a gift from Okawaru
 81418 | Zot:5    | Noticed an orb of fire
 81418 | Zot:5    | Noticed an ancient lich
 81423 | Zot:5    | Noticed an ancient lich
 81425 | Zot:5    | Gained mutation: You are clumsy. (Dex -2) [an orb of fire]
 81432 | Zot:5    | Gained mutation: You are very clumsy. (Dex -4) [an orb of fire]
 81438 | Zot:5    | Killed an ancient lich
 81439 | Zot:5    | Killed an ancient lich
 81439 | Zot:5    | Gained mutation: Scrolls take you a little longer to read. [an orb of fire]
 81446 | Zot:5    | Killed an orb of fire
 81453 | Zot:5    | Received a gift from Okawaru
 81470 | Zot:5    | Noticed an orb of fire
 81476 | Zot:5    | Gained mutation: You are weak. (Str -2) [an orb of fire]
 81484 | Zot:5    | Killed an orb of fire
 81624 | Zot:5    | Noticed an orb of fire
 81626 | Zot:5    | Gained mutation: Your spells are a little easier to cast, but a little less powerful. [an orb of fire]
 81630 | Zot:5    | Gained mutation: You are occasionally teleported next to monsters. [an orb of fire]
 81643 | Zot:5    | Gained mutation: You are frail. (-10% HP) [an orb of fire]
 81648 | Zot:5    | Gained mutation: You occasionally shout uncontrollably at your foes. [an orb of fire]
 81651 | Zot:5    | Gained mutation: Your spells are easier to cast, but less powerful. [an orb of fire]
 81653 | Zot:5    | Killed an orb of fire
 81738 | Zot:5    | Noticed an ancient lich
 81759 | Zot:5    | Killed an ancient lich
 81797 | Zot:5    | Noticed an orb of fire
 81799 | Zot:5    | Noticed an orb of fire
 81824 | Zot:5    | Killed an orb of fire
 81826 | Zot:5    | Gained mutation: Scrolls take you longer to read. [an orb of fire]
 81834 | Zot:5    | Noticed an orb of fire
 81834 | Zot:5    | Killed an orb of fire
 81841 | Zot:5    | HP: 1/245 [orb of fire/fireball (24)]
 81848 | Zot:5    | HP: 2/245 [orb of fire/bolt of fire (24)]
 81848 | Zot:5    | Killed from afar by a storm dragon

Vault maps used:
D:1:      saegor_arrival_miasma
D:2:      nicolae_dithmenos_shadow_blocks, first_bread
D:3:      cheibriados_altar_1
D:4:      nicolae_ru_great_annihilating_truth,
          chequers_temple_overflow_statue_of_worship
D:6:      serial_shops, nicolae_shop_window_shopping, uniq_blork_the_orc
D:7:      yredelemnul_altar_generic, trog_eyes_of_draining,
          nicolae_overflow_hidden_temple, lemuel_round_altar,
          chequers_ossuary_entry_cave, basic_altar, grunt_livestock, uniq_pikel,
          uniq_joseph
D:8:      lemuel_crystal_altar, kennysheep_generic_room_4, uniq_maurice,
          uniq_grum
D:9:      dpeg_lair_monsters, orc_0_dummy
D:11:     st_stairs_14
D:12:     minmay_checkered_concentric_circles
D:13:     david_vaults_2, uniq_nessos, uniq_azrael
D:14:     infiniplex_staircase_9_rooms, uniq_urug
D:15:     grunt_enter_depths_snipers, basic_altar, fedhas_altar_1
Temple:   kb_temple_of_zot
Lair:1:   uniq_gastronok
Lair:2:   dummy_spider_entry
Lair:3:   minivault_24, grunt_megastairs_2, infiniplex_staircase_pool,
          lemuel_fruit_fields
Lair:4:   elwin_shoals_entry_rocks
Lair:5:   minmay_slime_entry_oklob_enclosed, serial_bayou_shore_b
Lair:6:   wormcave, hangedman_lair_in_review, serial_forest,
          infiniplex_forest_clump_cross, infiniplex_forest_clump_diagonal,
          infiniplex_forest_join, infiniplex_forest_end_1,
          infiniplex_forest_zigzag_1
Shoals:1: yaktaur_hedge, uniq_aizul, uniq_kirke, uniq_donald
Shoals:3: serial_shops, shop, shop, uniq_ilsuiw, uniq_roxanne, uniq_mara
Shoals:4: shoals_end_grunt_ice, shoals_ilsuiw_ice,
          nicolae_shoals_square_sea_wall
Spider:1: spiders_nest_scorpion_pit
Spider:2: worms_lemuel
Spider:3: uniq_nikola
Spider:4: floodkiller_spider_rune_tomb, nicolae_spider_cling_ruins
Slime:4:  cheibrodos_slime_lost_civilization_4
Orc:1:    serial_shops, shop
Orc:2:    kennysheep_orc_mage_school, basic_altar, led_sif_book
Elf:1:    eino_elf_arrival_altar, enter_trove_1,
          portal_ice_cave_entry_pillars_four
Elf:2:    spider_trap, basic_stair_grate_trap
Elf:3:    minmay_elf_hall_statues, uniq_asterion
Vaults:1: vaults_dpeg_cross, grunt_vaults_swirl, hangedman_vaults_stream,
          nicolae_vaults_network_star, vaults_room_fancy_cross, v_pattern_3,
          nicolae_vaults_little_squares_3, ontoclasm_vaults_loading_screen,
          vaults_room_mumra_shop_pool, vaults_dpeg_hooks, serial_shops,
          bzr_in_the_mist
Vaults:2: vaults_standard_mumra_x, st_quartered_hall,
          nicolae_vaults_shelves_hall, nicolae_vaults_little_ls, v_misc_26,
          ontoclasm_vaults_twist, v_misc_27, ontoclasm_vaults_decontamination,
          uniq_jorgrun
Vaults:3: hangedman_vaults_restitches, nicolae_vaults_ring_of_whatevers,
          v_rooms_1, v_misc_22, nicolae_vaults_diagonal_hallway_8,
          vaults_mumra_hexcomb, ontoclasm_vaults_hangar, vaults_room_corners,
          minmay_crypt_entry_simple_statues, v_misc_16, grunt_vaults_diagonal,
          special_room_vaults, nicolae_vaults_yaktaur_gun_rack
Vaults:4: ontoclasm_vaults_eye, v_misc_12, nicolae_vaults_border_crossing,
          nicolae_vaults_windows_and_doors_thing, grunt_vaults_twisty,
          nicolae_vaults_sealed_display, serial_ice_b,
          nicolae_vaults_little_squares_3, nicolae_vaults_little_squares_6,
          uniq_jory
Vaults:5: serial_shops
Crypt:1:  fountainhead, grunt_ministairs_2, st_stairs_12, minivault_24
Crypt:2:  minivault_25
Crypt:3:  grunt_crypt_end_deaths_head
Depths:1: hell_entry, tso_altar, moated_statue, serial_bayou_crossing
Depths:2: lemuel_river_lethe, hell_entry
Depths:3: minmay_sliced_demisemicircle, serial_shops, bzr_entry_customers,
          kennysheep_decorative_pillar, grunt_pan_entry_spiral,
          pf_dread_powers_of_hell, minmay_staircase_statues, minmay_shop_grove
Depths:4: hangedman_surveillance_ring, fountainhead, grunt_hell_horde,
          abyss_entry, hangedman_decor_riveting
Depths:5: evilmike_zot_entry_diamond, wad_floor_pattern_untrapped, hell_entry,
          rand_demon_pan_entry_3, nicolae_lava_and_water
Zot:1:    hangedman_zot_gyre, hangedman_zot_decor_slant,
          st_single_dragon_hoard_1, st_single_dragon_hoard_3
Zot:2:    grunt_zot_stairs_overgrown, grunt_megastairs_4
Zot:4:    infiniplex_zot_generator
Abyss:2:  bh_abyss_exit_grid, hangedman_cross_veins, minivault_11
Bazaar:   bazaar_kb_twisted_cavern, grunt_bazaar_doublecross
Trove:    trove_garden
Ossuary:  ossuary_tomb_3
IceCv:    ice_cave_small_demon

Skill      XL: |  1  2  3  4  5  6  7  8  9 10 11 12 13 14 15 16 17 18 19 20 21 22 23 24 25 26 27 |
---------------+----------------------------------------------------------------------------------+-----
Armour         | 4 5 6 7 8 9 11 12 13 14 15 17 25 | 25.7
Fighting       | 4 5 7 8 9 10 12 14 16 17 18 19 20 21 22 23 26 27 | 27.0
Axes           | 3 4 5 6 8 10 12 14 16 17 18 19 20 21 22 23 25 27 | 27.0
Shields        | 4 5 6 7 8 9 10 12 13 15 16 17 19 22 26 27 | 27.0
Evocations     | 1 2 3 4 5 6 7 8 9 11 | 11.0
Throwing       | 1 3 4 14 19 | 19.4
Invocations    | 1 2 |  2.0
Dodging        | 3 |  3.4
Unarmed Combat | 3 |  3.4

Action                   |  1- 3 |  4- 6 |  7- 9 | 10-12 | 13-15 | 16-18 | 19-21 | 22-24 | 25-27 || total
-------------------------+-------+-------+-------+-------+-------+-------+-------+-------+-------++-------
Melee: War axe           |    85 |   114 |   262 |   442 |  1136 |   909 |  1614 |   759 |  2758 ||  8079
       Headbutt          |    10 |    12 |    34 |   102 |   326 |   328 |   489 |   255 |   945 ||  2501
       Hand axe          |       |       |     6 |       |       |       |       |       |       ||     6
       Falchion          |       |       |       |       |    31 |       |       |       |       ||    31
       Long sword        |       |       |       |       |    26 |       |       |       |       ||    26
       Broad axe         |       |       |       |       |    28 |    17 |       |       |       ||    45
Throw: Javelin           |       |       |       |       |       |    77 |    79 |    75 |   430 ||   661
Invok: Heroism           |       |       |       |     1 |     2 |       |       |       |       ||     3
       Finesse           |       |       |       |       |     1 |     2 |       |     1 |       ||     4
 Abil: Evoke Berserk Rag |       |       |       |     1 |     7 |     9 |     1 |     6 |     3 ||    27
       Evoke Invisibilit |       |       |       |       |       |       |     2 |     3 |     7 ||    12
Evoke: Wand              |       |       |    19 |    44 |    57 |    62 |    13 |    18 |   121 ||   334
  Use: Potion            |       |     4 |     7 |     2 |     3 |     5 |     5 |     2 |    22 ||    50
       Scroll            |       |       |    13 |    13 |    12 |     9 |    15 |     5 |    17 ||    84
 Stab: Paralysed         |       |     2 |       |       |     4 |       |       |       |       ||     6
       Confused          |       |       |     3 |       |     2 |       |       |       |       ||     5
       Distracted        |       |       |       |     1 |       |       |       |     1 |     1 ||     3
       Invisible         |       |       |       |       |       |       |     5 |    22 |   112 ||   139
       Held in net/web   |       |       |       |       |       |       |       |       |     1 ||     1
  Eat: Chunk             |     2 |     5 |    14 |    20 |    41 |    31 |    42 |    31 |    53 ||   239
       Fruit             |       |       |       |     2 |       |       |       |       |     1 ||     3
       Pizza             |       |       |       |     1 |       |     3 |       |       |    11 ||    15
       Meat ration       |       |       |       |       |     1 |       |       |       |     4 ||     5
       Beef jerky        |       |       |       |       |       |     1 |       |       |       ||     1
       Royal jelly       |       |       |       |       |       |       |       |       |     2 ||     2
Armor: Scale mail        |    38 |    48 |       |       |       |       |       |       |       ||    86
       Chain mail        |       |       |   105 |   217 |   497 |    87 |       |       |       ||   906
       Plate armour      |       |       |       |       |       |   146 |       |       |       ||   146
       Gold dragon scale |       |       |       |       |       |    30 |   581 |   260 |   722 ||  1593
       Skin              |       |       |       |       |       |       |       |       |     2 ||     2
Dodge: Dodged            |    21 |    33 |    58 |    84 |   235 |    87 |   141 |    76 |   322 ||  1057
Block: Shield            |    38 |    70 |    98 |   181 |   500 |       |       |       |       ||   887
       Reflection        |       |       |       |       |    78 |    89 |   114 |    87 |   148 ||   516
       Large shield      |       |       |       |       |   268 |   887 |  1914 |   907 |  2861 ||  6837
       Buckler           |       |       |       |       |    27 |       |       |       |       ||    27
       Other             |       |       |       |       |       |       |       |     1 |       ||     1
       Rpst.: Falchion   |       |       |       |       |     1 |       |       |       |       ||     1
       Long sword        |       |       |       |       |     2 |       |       |       |       ||     2
